 Dungeon Crawl Stone Soup version 0.21.1-1-g345015f (webtiles) character file.

40 VLARC the Insei (level 3, 0/18 HPs)
             Began as a Vine Stalker Transmuter on Mar 27, 2018.
             Succumbed to an adder's poison
             ... on level 2 of the Dungeon.
             The game lasted 00:03:12 (2352 turns).

VLARC the Insei (Vine Stalker Transmuter)           Turns: 2352, Time: 00:03:13

Health: 0/18       AC:  2    Str: 11 (13) XL:     3   Next: 50%
Magic:  1/7        EV: 12    Int: 12 (13) God:
Gold:   107        SH:  0    Dex: 13 (14) Spells: 3/6 levels left

rFire    . . .     SeeInvis .     - Unarmed
rCold    . . .     Gourm    .   (no shield)
rNeg     . . .     Faith    .   b - +0 robe
rPois    .         Spirit   +   (no helmet)
rElec    .         Reflect  .   (no cloak)
rCorr    .         Harm     .   (no gloves)
MR       .....                  (boots currently unavailable)
Stlth    +.........             (no amulet)
HPRegen  0.06/turn              (no ring)
MPRegen  0.10/turn              (no ring)

@: lethally poisoned (0 -> -19), appendage (expiring), flying
A: fangs 2, talons 3, magic shield, antimagic bite, no potion heal 3, rot
immunity
a: End Transformation


You were on level 2 of the Dungeon.
You were not hungry.
You had grown temporary talons.
You visited 1 branch of the dungeon, and saw 2 of its levels.

You collected 107 gold pieces.

Inventory:

Missiles
 a - 26 arrows
Armour
 b - a +0 robe (worn)
 h - a +0 buckler
Jewellery
 m - an uncursed amulet of guardian spirit {unknown}
Scrolls
 e - a scroll of teleportation {unknown}
 f - a scroll of remove curse {unknown}
 l - 2 scrolls of magic mapping {unknown}
Potions
 i - a potion of degeneration
 k - a potion of curing {unknown}
Books
 c - a book of Changes

   Spells                             Type                      Level
   a - Beastly Appendage              Transmutation                1
   b - Sticks to Snakes               Transmutation                2
   c - Spider Form                    Transmutation/Poison         3
   d - Ice Form                       Ice/Transmutation            4
   e - Blade Hands                    Transmutation                5
Comestibles
 d - 4 rations


   Skills:
 + Level 1.7 Fighting
 - Level 1.5 Dodging
 * Level 4.0 Unarmed Combat
 - Level 2.1 Spellcasting
 - Level 2.0 Transmutations


You had 3 spell levels left.
You knew the following spells:

 Your Spells              Type           Power        Failure   Level  Hunger
a - Beastly Appendage     Tmut           #.....       12%         1    ##.....
b - Sticks to Snakes      Tmut           #.......     19%         2    ###....


Dungeon Overview and Level Annotations

Branches:
Dungeon (2/15)

Altars:


Innate Abilities, Weirdness & Mutations

You have extremely sharp teeth.
When hurt, damage is shared between your health and your magic reserves.
Your bite disrupts and absorbs the magic of your enemies.
Potions cannot restore your health.
You are immune to rotting.
You have claws for feet.


Message History

* * * LOW HITPOINT WARNING * * *
You feel sick. The adder bites you.
* * * LOW HITPOINT WARNING * * *
You are more poisoned.
The adder poisons you!
Your ball python closely misses the adder.
Your ball python grabs the adder.
Your ball python constricts the adder.
It was a potion of flight.
You feel very buoyant.
You fly up into the air.
Your transformation is almost over.
* * * LOW HITPOINT WARNING * * *
You feel sick.
The adder barely misses your ball python.
Your ball python bites the adder.
Your ball python constricts the adder.
The adder barely misses your ball python.
It was a potion of degeneration.
There was something very wrong with that liquid.
You feel weakened.
You feel dopey.
You feel clumsy.
You die...

#.......# #...)...#
#.......# #.......#
.## #..[....# ..#
#.......# #.#
#..SS...# #.# #S#
###.# #@# ##.#.#
#.####.#..######
##.....###......#
#........##.#..####.#
..........##...#
###.####.......#
#.#####.##..##.## #
#...............
#.#...#.######.#..


You could see 2 adders and a friendly ball python.

Vanquished Creatures
  2 worms (D:2)
  A dart slug (D:1)
  A leopard gecko (D:2)
  A giant cockroach (D:1)
  3 goblins
  8 hobgoblins
  5 bats (D:1)
  2 frilled lizards (D:1)
  3 kobolds (D:1)
  4 rats (D:1)
30 creatures vanquished.

Notes
Turn   | Place    | Note
-------+----------+-------------------------------------------
     0 | D:1      | VLARC the Vine Stalker Transmuter began the quest for the Orb.
     0 | D:1      | Reached XP level 1. HP: 9/9 MP: 4/4
    95 | D:1      | Reached skill level 1 in Fighting
   706 | D:1      | Reached XP level 2. HP: 14/14 MP: 6/6
   761 | D:1      | Learned a level 2 spell: Sticks to Snakes
  1699 | D:1      | Reached XP level 3. HP: 17/18 MP: 7/7
  2103 | D:2      | Reached skill level 4 in Unarmed Combat
  2352 | D:2      | Succumbed to an adder's poison

Skill      XL: |  1  2  3 |
---------------+----------+-----
Fighting       | 1 |  1.7
Unarmed Combat | 4 |  4.0
Dodging        | |  1.5
Spellcasting   | |  2.1
Transmutations | |  2.0

Action                   || total
-------------------------++-------
Melee: Unarmed           ||   105
       Bite              ||    27
       Headbutt          ||     4
       Punch             ||     2
       Kick              ||     1
 Cast: Beastly Appendage ||    13
       Sticks to Snakes  ||     3
  Use: Potion            ||     3
  Eat: Chunk             ||     5
Armor: Robe              ||    28
Dodge: Dodged            ||    70
